 Dungeon Crawl Stone Soup version 0.30-a0-748-ge6a52f7cba (webtiles) character file.

Game seed: 1708891661301357994

106 Dittersdorf the Shield-Bearer (level 4, 0/29 HPs)
             Began as a Gargoyle Fighter on Feb 8, 2023.
             Slain by Pargi (4 damage)
             ... on level 3 of the Dungeon.
             The game lasted 00:04:16 (1639 turns).

Dittersdorf the Shield-Bearer (Gargoyle Fighter)    Turns: 1639, Time: 00:04:16

Health: 0/29       AC: 11    Str: 22    XL:     4   Next: 84%
Magic:  4/4        EV:  9    Int:  8    God:
Gold:   124        SH:  4    Dex:  9    Spells: 3/3 levels left

rFire   . . .      SeeInvis .    a - +0 flail
rCold   . . .      Faith    .    c - +0 buckler
rNeg    + . .      Spirit   .    b - +0 scale mail
rPois   ∞          Reflect  .    (no helmet)
rElec   +          Harm     .    (no cloak)
rCorr   .          Rampage  .    p - +0 pair of gloves
Will    .....                    (no boots) Stlth
                                 (no amulet)
HPRegen 0.24/turn                (no ring)
MPRegen 0.09/turn                (no ring)

@: mighty
A: sickness immunity, AC +3, negative energy resistance 1, electricity
resistance, torment resistance 1, petrification resistance
a: no special abilities


You were on level 3 of the Dungeon.
You visited 1 branch of the dungeon, and saw 3 of its levels.

You collected 124 gold pieces.

Inventory:

Hand Weapons
 a - a +0 flail (weapon)
Armour
 b - a +0 scale mail (worn)
 c - a +0 buckler (worn)
 p - a +0 pair of gloves (worn)
Scrolls
 e - 3 scrolls of identify {unknown}
 g - a scroll of enchant armour {unknown}
 h - 2 scrolls of teleportation {unknown}
 j - a scroll of immolation {unknown}
 k - a scroll of blinking {unknown}
 n - a scroll of noise {unknown}
 o - a scroll of enchant weapon {unknown}
 q - a scroll of amnesia {unknown}
 r - a scroll of acquirement {unknown}
Potions
 i - 2 potions of resistance {unknown}
 l - 2 potions of curing {unknown}
 m - a potion of lignification {unknown}


   Skills:
 + Level 4.0 Fighting
 + Level 2.9 Maces & Flails
 + Level 4.1 Armour
 + Level 4.1 Shields


You had 3 spell levels left.
You didn't know any spells.
Your spell library contained the following spells:

 Spells                   Type           Power      Damage    Failure   Level
 Blink                    Tloc           0%         N/A       91%         2
 Lesser Beckoning         Tloc           0%         N/A       91%         2
 Momentum Strike          Conj/Tloc      0%         3d8       91%         2


Dungeon Overview and Level Annotations

Branches:
Dungeon (3/15)

Altars:

Annotations:
D:3 Pargi


Innate Abilities, Weirdness & Mutations

You are immune to sickness and miasma.
Your stone body is resilient. (AC +3)
You are immune to poison.
You resist negative energy. (rN+)
You are resistant to electric shocks. (rElec)
You are resistant to unholy torment.
You are immune to petrification.


Message History

You throw a poisoned dart. The poisoned dart hits Pargi.
Pargi is moderately wounded.
You block Pargi's attack. Pargi claws you but does no damage.
Pargi barely misses you.
Unknown command.
You feel very mighty all of a sudden. Pargi closely misses you.
Pargi claws you.
* * * LOW HITPOINT WARNING * * *
Pargi claws you but does no damage.
You hit Pargi.
Pargi is moderately wounded.
Pargi barely misses you. Pargi claws you but does no damage. x2
You bludgeon Pargi!!
Pargi is severely wounded.
Pargi bites you but does no damage. You block Pargi's attack.
Pargi barely misses you.
You barely miss Pargi.
Pargi is severely wounded.
Pargi bites you but does no damage. Pargi claws you.
* * * LOW HITPOINT WARNING * * *
Pargi claws you.
* * * LOW HITPOINT WARNING * * *
You block Pargi's attack. Pargi claws you but does no damage. x2
You thump Pargi!
Pargi is almost dead.
Pargi looks more healthy.
Pargi looks around nervously.
Pargi bites you but does no damage. Pargi barely misses you. x2
You closely miss Pargi.
Pargi is almost dead.
Pargi barely misses you. Pargi claws you but does no damage. Pargi misses you.
You barely miss Pargi.
Pargi is almost dead.
Pargi snarls, "My home!
Leave!"
Pargi barely misses you. x2; Pargi claws you but does no damage.
You closely miss Pargi.
Pargi is almost dead.
Pargi barely misses you. Pargi closely misses you.
Pargi claws you but does no damage. Pargi bites you.
You die...

#..
#######...^....
#.. ...(#
#........... #.
...#
#.###...##.#
...# #.#
#...##.# !.#
#.# #...#...
..# #.#
#....... #.#
#.# #.......
#T# #.#
#.......
..#####@# #.#
#.......
........#####.#
##......
............#.#
##......
.......[###...#
#.......
........# ##..#
#.#.....
#########
#..###.#.....
##...†.#.....
#>......####
#.......#


You could see Pargi.

Vanquished Creatures
  4 adders
  3 dart slugs
  3 orcs (D:3)
  11 endoplasms
  3 giant cockroaches
  5 goblins
  7 hobgoblins
  6 kobolds
  A quokka (D:2)
  2 ball pythons (D:1)
  5 bats
  4 frilled lizards
  2 rats (D:2)
56 creatures vanquished.

Notes
Turn   | Place    | Note
-------+----------+-------------------------------------------
     0 | D:1      | Dittersdorf the Gargoyle Fighter began the quest for the
                  | Orb.
     0 | D:1      | Reached XP level 1. HP: 14/14 MP: 1/1
    55 | D:1      | Reached XP level 2. HP: 19/19 MP: 2/2
   587 | D:1      | Reached XP level 3. HP: 22/23 MP: 3/3
  1182 | D:2      | Reached XP level 4. HP: 29/29 MP: 4/4
  1609 | D:3      | Noticed Pargi
  1639 | D:3      | Slain by Pargi

Illustrated notes

Levels and vault maps discovered:
D:1:      dpeg_arrival_rooms_b, layout_loops_cross
D:2:      layout_rooms, st_stairs_14
D:3:      layout_basic, amethyst_killhole, kennysheep_generic_room_7, uniq_pargi

Skill      XL: |  1  2  3  4 |
---------------+-------------+-----
Shields        | 4 |  4.1
Armour         | 4 |  4.1
Fighting       | 4 |  4.0
Maces & Flails | |  2.9

Action                     |  1- 3 |  4- 6 || total
---------------------------+-------+-------++-------
  Melee: Flail             |   133 |    84 ||   217
  Throw: Dart              |       |     6 ||     6
    Use: Potion            |       |     1 ||     1
 Armour: Scale mail        |    63 |   109 ||   172
  Dodge: Dodged            |    66 |    71 ||   137
  Block: Buckler           |    32 |    46 ||    78

Table legend: (Time is in decaauts)
 A = Elapsed time spent in this place.
 B = Non-inter-level travel time spent in this place.
 C = Inter-level travel time spent in this place.
 D = Time resting spent in this place.
 E = Time spent auto-exploring this place.
 F = Levels seen in this place.
 G = Mean time per level.
                   A        B        C        D        E       F      G
               +--------+--------+--------+--------+--------+-----+--------+
         Total |   1708 |   1626 |     82 |     75 |   1064 |   3 |  569.3 |
       Dungeon |   1708 |   1626 |     82 |     75 |   1064 |   3 |  569.3 |
               +--------+--------+--------+--------+--------+-----+--------+

Top non-repeatable levels by time:
     D:1: 754 daAuts
     D:2: 623 daAuts
     D:3: 329 daAuts
